Cogmind - Beta 11.1 @@@ ROGUE MODE // 2022.05.04 @ 20:41:06 Player: Azken Zutik Result: Self-destructed Performance ------------- Evolutions (5) 2500 Regions Visited (14) 2800 Robots Destroyed (1) 5 Value Destroyed (1) 1 Prototype IDs (1) 20 Alien Tech Used (0) 0 Bonus (2425) 2425 TOTAL SCORE: 7751 Bonus ------- Pacifist 1325 Entered Garrisons 600 Used RIF Installer 500 Cogmind --------- Core Integrity 675/1000 Matter 283/300 Energy 100/100 System Corruption 0% Temperature Cool (0) Movement Core (50) Location -5/Upper Caves Parts ------- > --- POWER (2) -------- (None) > --- PROPULSION (8) --- (None) > --- UTILITY (5) ------ (None) > --- WEAPON (2) ------- (None) > --- INVENTORY (5) ---- Ion Engine Wheel Small Laser Peak State ------------ > --- POWER ------------ (None) > --- PROPULSION ------- (None) > --- UTILITY ---------- (None) > --- WEAPON ----------- Tesla Bomb Launcher > --- INVENTORY -------- Ion Engine Wheel Small Laser [Rating: 7] Favorites ----------- Power None Propulsion Light Treads Treads Light Treads Utility None Weapon Tesla Bomb Launcher Launcher Tesla Bomb Launcher Build | -11 -10 -9 -9 -8 -8 -8 -7 -7 -7 -7 -5 -5 -5 -5 ------- Run | Scr Mat Mat Min Mat Gar Mat Fac Gar Sto Rec Fac Gar Fac Upp Slots Evolved 10 | . . 2 . 2 . . 2 . . . 4 . . . Power 1 | . . . . . . . . . . . 1 . . . Propulsion 6 | . . 2 . 1 . . 1 . . . 2 . . . Utility 3 | . . . . 1 . . 1 . . . 1 . . . Weapon . | . . . . . . . . . . . . . . . Parts Attached 3 | . . . . . 1 . . 1 . . 1 . . . Power . | . . . . . . . . . . . . . . . Engine . | . . . . . . . . . . . . . . . Core . | . . . . . . . . . . . . . . . Reactor . | . . . . . . . . . . . . . . . Propulsion 2 | . . . . . 1 . . 1 . . . . . . Treads 2 | . . . . . 1 . . 1 . . . . . . Leg . | . . . . . . . . . . . . . . . Wheel . | . . . . . . . . . . . . . . . Hover . | . . . . . . . . . . . . . . . Flight . | . . . . . . . . . . . . . . . Utility . | . . . . . . . . . . . . . . . Device . | . . . . . . . . . . . . . . . Storage . | . . . . . . . . . . . . . . . Processor . | . . . . . . . . . . . . . . . Hackware . | . . . . . . . . . . . . . . . Protection . | . . . . . . . . . . . . . . . Artifact . | . . . . . . . . . . . . . . . Weapon 1 | . . . . . . . . . . . 1 . . . Energy Gun . | . . . . . . . . . . . . . . . Energy Cannon . | . . . . . . . . . . . . . . . Ballistic Gun . | . . . . . . . . . . . . . . . Ballistic Cannon . | . . . . . . . . . . . . . . . Launcher 1 | . . . . . . . . . . . 1 . . . Special Weapon . | . . . . . . . . . . . . . . . Impact Weapon . | . . . . . . . . . . . . . . . Slashing Weapon . | . . . . . . . . . . . . . . . Piercing Weapon . | . . . . . . . . . . . . . . . Special Melee Weapon . | . . . . . . . . . . . . . . . Unidentified Prototypes 1 | . . . . . . . . . . . 1 . . . Parts Lost 2 | . . . . . . 1 . 1 . . . . . . Power . | . . . . . . . . . . . . . . . Propulsion 2 | . . . . . . 1 . 1 . . . . . . Utility . | . . . . . . . . . . . . . . . Weapon . | . . . . . . . . . . . . . . . Highest Loss Streak 1 | . . . . . . 1 . 1 . . . . . . To Critical Strikes . | . . . . . . . . . . . . . . . Average Slot Usage (%) 1 | . . . . . 7 4 . 1 . . . . . . Treads 1 | . . . . . 7 4 . 1 . . . . . . Naked Turns 545 | . 29 30 27 5 17 26 13 37 77 79 45 48 112 . Heaviest Build . | . . . . . . . . . . . . . . . Greatest Support 20 | 3 3 3 3 3 20 3 3 20 3 3 3 3 3 . Greatest Overweight (x) . | . . . . . . . . . . . . . . . Average Overweight (x) . | . . . . . . . . . . . . . . . Largest Inventory Capacity 5 | . 5 5 5 5 5 5 5 5 5 5 5 5 5 . Average Capacity 5 | . 5 5 5 5 5 5 5 5 5 5 5 5 5 . Most Carried 5 | . 5 5 5 5 5 4 4 4 3 3 4 3 3 . Average Carried 3 | . 5 5 5 5 4 4 4 3 3 3 3 3 3 . Final Capacity 5 | 5 5 5 5 5 5 5 5 5 5 5 5 5 5 5 Final Carried 5 | 5 5 5 5 5 4 4 4 3 3 3 3 3 3 3 Class Distribution -------------------- 100% | Mutant Dominant Class ---------------- Mutant | -10/Materials Mutant | -9/Materials Mutant | -9/Mines Mutant | -8/Materials Mutant | -8/Garrison Mutant | -8/Materials Mutant | -7/Factory Mutant | -7/Garrison Mutant | -7/Storage Mutant | -7/Recycling Mutant | -5/Factory Mutant | -5/Garrison Mutant | -5/Factory Mutant | -5/Upper Caves Resources | -11 -10 -9 -9 -8 -8 -8 -7 -7 -7 -7 -5 -5 -5 -5 ----------- Run | Scr Mat Mat Min Mat Gar Mat Fac Gar Sto Rec Fac Gar Fac Upp Matter Collected 201 | 153 . . 47 . . 1 . . . . . . . . Remotely . | . . . . . . . . . . . . . . . Salvage Created 30 | . . . . . . . . . . . 30 . . . Parts 3 | . . . . . . . . . . . 3 . . . Haulers Intercepted . | . . . . . . . . . . . . . . . Recyclers Shooed . | . . . . . . . . . . . . . . . Parts Field Recycled . | . . . . . . . . . . . . . . . Retrieved Matter . | . . . . . . . . . . . . . . . Parts Self-Destructed . | . . . . . . . . . . . . . . . Prevented . | . . . . . . . . . . . . . . . Kills | -11 -10 -9 -9 -8 -8 -8 -7 -7 -7 -7 -5 -5 -5 -5 ------- Run | Scr Mat Mat Min Mat Gar Mat Fac Gar Sto Rec Fac Gar Fac Upp Combat Hostiles Destroyed . | . . . . . . . . . . . . . . . Classes Destroyed 1 | . . . . . . . . . . . 1 . . . Worker 1 | . . . . . . . . . . . 1 . . . Best Kill Streak 1 | . . . . . . . . . . . 1 . . . Combat Bots Only . | . . . . . . . . . . . . . . . Max Kills in Single Turn 1 | . . . . . . . . . . . 1 . . . Gunslinging . | . . . . . . . . . . . . . . . Exploded . | . . . . . . . . . . . . . . . Melee . | . . . . . . . . . . . . . . . Uniques/NPCs Destroyed . | . . . . . . . . . . . . . . . Combat | -11 -10 -9 -9 -8 -8 -8 -7 -7 -7 -7 -5 -5 -5 -5 -------- Run | Scr Mat Mat Min Mat Gar Mat Fac Gar Sto Rec Fac Gar Fac Upp Damage Taken 1986 | . 23 . 226 . 163 417 . 495 276 6 204 148 28 . Core 1648 | . 23 . 226 . 82 358 . 352 276 6 149 148 28 . Absorbed by Shields . | . . . . . . . . . . . . . . . Core Remaining (%) 52 | 100 90 . 43 . . 20 . . . 9 . . . . Volleys Fired 1 | . . . . . . . . . . . 1 . . . Largest 1 | . . . . . . . . . . . 1 . . . Hottest 46 | . . . . . . . . . . . 46 . . . Shots Fired 1 | . . . . . . . . . . . 1 . . . Gun . | . . . . . . . . . . . . . . . Cannon . | . . . . . . . . . . . . . . . Launcher 1 | . . . . . . . . . . . 1 . . . Special . | . . . . . . . . . . . . . . . Kinetic . | . . . . . . . . . . . . . . . Thermal . | . . . . . . . . . . . . . . . Explosive . | . . . . . . . . . . . . . . . Electromagnetic 1 | . . . . . . . . . . . 1 . . . Robot Hit Streak . | . . . . . . . . . . . . . . . Robot Miss Streak 1 | . . . . . . . . . . . 1 . . . Penetration Max . | . . . . . . . . . . . . . . . Secondary Targets . | . . . . . . . . . . . . . . . Shots Hit Robots . | . . . . . . . . . . . . . . . Core Hits 1 | . . . . . . . . . . . 1 . . . Critical Kills . | . . . . . . . . . . . . . . . Critical Parts Destroyed . | . . . . . . . . . . . . . . . Critical Strikes . | . . . . . . . . . . . . . . . Melee Attacks . | . . . . . . . . . . . . . . . Impact . | . . . . . . . . . . . . . . . Slashing . | . . . . . . . . . . . . . . . Piercing . | . . . . . . . . . . . . . . . Sneak Attacks . | . . . . . . . . . . . . . . . Combat Hostiles . | . . . . . . . . . . . . . . . Follow-up Attacks . | . . . . . . . . . . . . . . . Damage Inflicted 83 | . . . . . 1 . . 4 15 12 51 . . . Guns . | . . . . . . . . . . . . . . . Cannons . | . . . . . . . . . . . . . . . Explosions 51 | . . . . . . . . . . . 51 . . . Melee . | . . . . . . . . . . . . . . . Ramming 32 | . . . . . 1 . . 4 15 12 . . . . Kinetic . | . . . . . . . . . . . . . . . Thermal . | . . . . . . . . . . . . . . . Explosive . | . . . . . . . . . . . . . . . Electromagnetic 51 | . . . . . . . . . . . 51 . . . Impact . | . . . . . . . . . . . . . . . Slashing . | . . . . . . . . . . . . . . . Piercing . | . . . . . . . . . . . . . . . Highest Corruption . | . . . . . . . . . . . . . . . Average Corruption . | . . . . . . . . . . . . . . . Corruption Purged . | . . . . . . . . . . . . . . . Corruption Blocked . | . . . . . . . . . . . . . . . Overload Shots . | . . . . . . . . . . . . . . . Overflow Damage . | . . . . . . . . . . . . . . . Projectiles . | . . . . . . . . . . . . . . . Explosions . | . . . . . . . . . . . . . . . Melee . | . . . . . . . . . . . . . . . Knockbacks 1 | . . . . . . . . . . 1 . . . . Impact 1 | . . . . . . . . . . 1 . . . . Kinetic . | . . . . . . . . . . . . . . . Secondary . | . . . . . . . . . . . . . . . Self-Inflicted Damage 15 | . . . . . . . . 2 7 6 . . . . Shots . | . . . . . . . . . . . . . . . Rammed 7 | . . . . . 1 . . 1 3 2 . . . . Targets Rammed 7 | . . . . . 1 . . 1 3 2 . . . . Kicked . | . . . . . . . . . . . . . . . Crushed . | . . . . . . . . . . . . . . . Highest Temperature 5 | . . . . . 5 . . 2 . . . 5 . . Average Temperature 4 | . . . . . 5 . . 2 . . . 5 . . Received Heat Transfer 495 | . 12 . . . 63 54 . 153 141 . . 72 . . Siege Activations . | . . . . . . . . . . . . . . . Robots Corrupted . | . . . . . . . . . . . . . . . Combat Hostiles . | . . . . . . . . . . . . . . . Parts Fried . | . . . . . . . . . . . . . . . Impact Corruptions . | . . . . . . . . . . . . . . . Robots Melted . | . . . . . . . . . . . . . . . Combat Hostiles . | . . . . . . . . . . . . . . . Parts Melted . | . . . . . . . . . . . . . . . Heat Transferred . | . . . . . . . . . . . . . . . Parts Sabotaged . | . . . . . . . . . . . . . . . Parts Stolen . | . . . . . . . . . . . . . . . Parts Stripped . | . . . . . . . . . . . . . . . Power Chain Reactions . | . . . . . . . . . . . . . . . Missiles Intercepted . | . . . . . . . . . . . . . . . Alert | -11 -10 -9 -9 -8 -8 -8 -7 -7 -7 -7 -5 -5 -5 -5 ------- Run | Scr Mat Mat Min Mat Gar Mat Fac Gar Sto Rec Fac Gar Fac Upp Peak Influence 438 | . 24 24 9 3 16 60 27 38 116 45 438 306 195 . Initial 418 | . . 9 9 3 1 7 27 18 18 45 418 306 160 . Average 110 | . 12 11 9 3 7 26 27 25 70 45 426 306 169 . Maximum Alert Level 2 | . . . . . . . . . . . 2 1 . . Low Security (%) 84 | . 100 100 100 100 100 100 100 100 100 100 . . 100 . Level 1 7 | . . . . . . . . . . . . 100 . . Level 2 8 | . . . . . . . . . . . 100 . . . Level 3 . | . . . . . . . . . . . . . . . Level 4 . | . . . . . . . . . . . . . . . Level 5 . | . . . . . . . . . . . . . . . High Security . | . . . . . . . . . . . . . . . Max Security . | . . . . . . . . . . . . . . . Squads Dispatched 2 | . . . . . . 1 . . 1 . . . . . Investigation . | . . . . . . . . . . . . . . . Extermination . | . . . . . . . . . . . . . . . Reinforcement 2 | . . . . . . 1 . . 1 . . . . . Assault . | . . . . . . . . . . . . . . . Garrison . | . . . . . . . . . . . . . . . Intercept . | . . . . . . . . . . . . . . . Searches Triggered . | . . . . . . . . . . . . . . . Construction Impeded . | . . . . . . . . . . . . . . . Haulers Reinforced . | . . . . . . . . . . . . . . . Active Scanning Responses . | . . . . . . . . . . . . . . . Cargo Convoy Interrupts . | . . . . . . . . . . . . . . . Stealth | -11 -10 -9 -9 -8 -8 -8 -7 -7 -7 -7 -5 -5 -5 -5 --------- Run | Scr Mat Mat Min Mat Gar Mat Fac Gar Sto Rec Fac Gar Fac Upp Distress Signals 2 | . . . . . . . . . 2 . . . . . Communications Jammed . | . . . . . . . . . . . . . . . Distress Signals . | . . . . . . . . . . . . . . . Times Spotted 55 | . 2 . 5 . 8 6 . 8 11 2 6 5 2 . Peak Tracking Total 15 | . 2 . 8 . 8 6 . 10 15 2 6 5 2 . Tactical Retreats 1 | . . . . . . . . 1 . . . . . . Traps | -11 -10 -9 -9 -8 -8 -8 -7 -7 -7 -7 -5 -5 -5 -5 ------- Run | Scr Mat Mat Min Mat Gar Mat Fac Gar Sto Rec Fac Gar Fac Upp Traps Triggered 4 | . . . . . 1 . . 1 . . . 2 . . Indirectly . | . . . . . . . . . . . . . . . Trap Hack Attempts . | . . . . . . . . . . . . . . . Triggered . | . . . . . . . . . . . . . . . Disarmed . | . . . . . . . . . . . . . . . Reprogrammed . | . . . . . . . . . . . . . . . Reused . | . . . . . . . . . . . . . . . Traps Extracted . | . . . . . . . . . . . . . . . Installed . | . . . . . . . . . . . . . . . Triggered . | . . . . . . . . . . . . . . . Machines | -11 -10 -9 -9 -8 -8 -8 -7 -7 -7 -7 -5 -5 -5 -5 ---------- Run | Scr Mat Mat Min Mat Gar Mat Fac Gar Sto Rec Fac Gar Fac Upp Machines Disabled . | . . . . . . . . . . . . . . . Max in Single Turn . | . . . . . . . . . . . . . . . Machines Sabotaged . | . . . . . . . . . . . . . . . Garrisons Compromised . | . . . . . . . . . . . . . . . Overloaded Fab Kills . | . . . . . . . . . . . . . . . Hacking | -11 -10 -9 -9 -8 -8 -8 -7 -7 -7 -7 -5 -5 -5 -5 --------- Run | Scr Mat Mat Min Mat Gar Mat Fac Gar Sto Rec Fac Gar Fac Upp Machines Accessed 10 | . 2 . . 1 . . 1 . 1 2 1 . 2 . Terminals 7 | . 2 . . . . . . . 1 2 . . 2 . Fabricators . | . . . . . . . . . . . . . . . Repair Stations . | . . . . . . . . . . . . . . . Recycling Units . | . . . . . . . . . . . . . . . Scanalyzers . | . . . . . . . . . . . . . . . Garrison Access 3 | . . . . 1 . . 1 . . . 1 . . . Total Hacks 18 | . 3 . . 2 . . 1 . 2 7 1 . 2 . Successful 6 | . 1 . . 1 . . 1 . 1 . 1 . 1 . Failed 12 | . 2 . . 1 . . . . 1 7 . . 1 . Catastrophic 3 | . . . . . . . . . . 3 . . . . Database Lockouts . | . . . . . . . . . . . . . . . Manual 11 | . 3 . . . . . . . 3 4 . . 1 . Terminals 14 | . 3 . . . . . . . 2 7 . . 2 . Fabricators . | . . . . . . . . . . . . . . . Repair Stations . | . . . . . . . . . . . . . . . Recycling Units . | . . . . . . . . . . . . . . . Scanalyzers . | . . . . . . . . . . . . . . . Garrison Access 4 | . . . . 2 . . 1 . . . 1 . . . Terminal Hacks 3 | . 1 . . . . . . . 1 . . . 1 . Open DSF 1 | . . . . . . . . . . . . . 1 . Level Access Points 1 | . 1 . . . . . . . . . . . . . Branch Access Points 1 | . . . . . . . . . 1 . . . . . Fabricator Hacks . | . . . . . . . . . . . . . . . Repair Station Hacks . | . . . . . . . . . . . . . . . Recycling Unit Hacks . | . . . . . . . . . . . . . . . Scanalyzer . | . . . . . . . . . . . . . . . Garrison Access Hacks 3 | . . . . 1 . . 1 . . . 1 . . . Unlock Access 3 | . . . . 1 . . 1 . . . 1 . . . Unauthorized Hacks . | . . . . . . . . . . . . . . . Terminals . | . . . . . . . . . . . . . . . Fabricators . | . . . . . . . . . . . . . . . Repair Stations . | . . . . . . . . . . . . . . . Recycling Units . | . . . . . . . . . . . . . . . Scanalyzers . | . . . . . . . . . . . . . . . Garrison Access . | . . . . . . . . . . . . . . . Data Cores Recovered . | . . . . . . . . . . . . . . . Used . | . . . . . . . . . . . . . . . Hacking Detections 5 | . 1 . . . . . 1 . . 2 . . 1 . Full Trace Events 2 | . . . . . . . . . . 2 . . . . Feedback Events . | . . . . . . . . . . . . . . . Feedback Blocked . | . . . . . . . . . . . . . . . Robot Schematics Acquired . | . . . . . . . . . . . . . . . Robots Built . | . . . . . . . . . . . . . . . Authchips . | . . . . . . . . . . . . . . . Time . | . . . . . . . . . . . . . . . Total Robot Build Rating . | . . . . . . . . . . . . . . . Part Schematics Acquired . | . . . . . . . . . . . . . . . Parts Built . | . . . . . . . . . . . . . . . Authchips . | . . . . . . . . . . . . . . . Time . | . . . . . . . . . . . . . . . Total Part Build Rating . | . . . . . . . . . . . . . . . Parts Repaired . | . . . . . . . . . . . . . . . Time . | . . . . . . . . . . . . . . . Parts Recycled . | . . . . . . . . . . . . . . . Recycled Matter . | . . . . . . . . . . . . . . . Retrieved Matter . | . . . . . . . . . . . . . . . Retrieved Components . | . . . . . . . . . . . . . . . Parts Scanalyzed . | . . . . . . . . . . . . . . . Part Schematics Acquired . | . . . . . . . . . . . . . . . Parts Damaged . | . . . . . . . . . . . . . . . Bothacking | -11 -10 -9 -9 -8 -8 -8 -7 -7 -7 -7 -5 -5 -5 -5 ------------ Run | Scr Mat Mat Min Mat Gar Mat Fac Gar Sto Rec Fac Gar Fac Upp Used RIF Installer 1 | . . . . . 1 . . . . . . . . . Robots Hacked . | . . . . . . . . . . . . . . . Non-combat . | . . . . . . . . . . . . . . . Combat . | . . . . . . . . . . . . . . . Robot Hacks Applied . | . . . . . . . . . . . . . . . Relay Couplers Released . | . . . . . . . . . . . . . . . Fabnet Peak Effective % . | . . . . . . . . . . . . . . . Robots Rewired . | . . . . . . . . . . . . . . . Allies Hacked . | . . . . . . . . . . . . . . . Hacks Repelled . | . . . . . . . . . . . . . . . Allies | -11 -10 -9 -9 -8 -8 -8 -7 -7 -7 -7 -5 -5 -5 -5 -------- Run | Scr Mat Mat Min Mat Gar Mat Fac Gar Sto Rec Fac Gar Fac Upp Total Allies . | . . . . . . . . . . . . . . . Largest Group . | . . . . . . . . . . . . . . . Highest-Rated Group . | . . . . . . . . . . . . . . . Highest-Rated Ally . | . . . . . . . . . . . . . . . Total Orders . | . . . . . . . . . . . . . . . Ally Attacks . | . . . . . . . . . . . . . . . Total Damage . | . . . . . . . . . . . . . . . Kills . | . . . . . . . . . . . . . . . Allies Corrupted . | . . . . . . . . . . . . . . . Allies Melted . | . . . . . . . . . . . . . . . Intel | -11 -10 -9 -9 -8 -8 -8 -7 -7 -7 -7 -5 -5 -5 -5 ------- Run | Scr Mat Mat Min Mat Gar Mat Fac Gar Sto Rec Fac Gar Fac Upp Robot Analysis Total . | . . . . . . . . . . . . . . . Derelict Logs Recovered . | . . . . . . . . . . . . . . . Drone Launches . | . . . . . . . . . . . . . . . Drone Recoveries . | . . . . . . . . . . . . . . . Exploration | -11 -10 -9 -9 -8 -8 -8 -7 -7 -7 -7 -5 -5 -5 -5 ------------- Run | Scr Mat Mat Min Mat Gar Mat Fac Gar Sto Rec Fac Gar Fac Upp Turns Passed 614 | . 29 30 27 5 55 41 13 48 77 79 50 48 112 . Spaces Moved 1168 | 1 58 59 53 9 94 81 24 83 148 154 85 96 223 . Core 1164 | 1 58 59 53 9 91 81 24 82 148 154 85 96 223 . Treads 4 | . . . . . 3 . . 1 . . . . . . Legs . | . . . . . . . . . . . . . . . Wheels . | . . . . . . . . . . . . . . . Hover . | . . . . . . . . . . . . . . . Flight . | . . . . . . . . . . . . . . . Fastest Speed 50 | 50 50 50 50 50 50 50 50 50 50 50 50 50 50 . Average Speed 50 | 50 50 50 50 50 53 50 50 51 50 50 50 50 50 . Slowest Speed 160 | 50 50 50 50 50 160 50 50 160 50 50 50 50 50 . Overloaded Moves . | . . . . . . . . . . . . . . . Propulsion Burnouts . | . . . . . . . . . . . . . . . Robots Hopped . | . . . . . . . . . . . . . . . Cave-ins Triggered . | . . . . . . . . . . . . . . . Exploration Rate (%) 19 | 2 16 12 25 3 38 16 1 31 42 51 5 33 9 2 Regions Visited 14 Branch Regions 4 Pre-discovered Areas . | . . . . . . . . . . . . . . . Known Exits Taken 5 | . 1 . . 1 . . 1 . 1 . 1 . . . Unknown Exits Taken 6 | 1 . 1 1 . . 1 . . . 1 . . 1 . Scrap Searched 1 | . . . 1 . . . . . . . . . . . Spaces Dug . | . . . . . . . . . . . . . . . Terrain Destroyed . | . . . . . . . . . . . . . . . Melee . | . . . . . . . . . . . . . . . Projectile . | . . . . . . . . . . . . . . . AOE . | . . . . . . . . . . . . . . . Terrain Rammed . | . . . . . . . . . . . . . . . Walls Destroyed . | . . . . . . . . . . . . . . . Machines Disabled . | . . . . . . . . . . . . . . . Actions | -11 -10 -9 -9 -8 -8 -8 -7 -7 -7 -7 -5 -5 -5 -5 --------- Run | Scr Mat Mat Min Mat Gar Mat Fac Gar Sto Rec Fac Gar Fac Upp Total 1178 | . 57 58 52 9 98 80 24 87 150 155 91 95 222 . Wait 2 | . . . . . . . . . . . 2 . . . Move 1157 | . 57 58 52 9 93 80 24 82 147 153 85 95 222 . Hop . | . . . . . . . . . . . . . . . Pick Up 1 | . . . . . . . . . . . 1 . . . Fast Attach . | . . . . . . . . . . . . . . . Attach 3 | . . . . . 1 . . 1 . . 1 . . . Detach . | . . . . . . . . . . . . . . . Swap . | . . . . . . . . . . . . . . . Drop 1 | . . . . . . . . . . . 1 . . . Fire 1 | . . . . . . . . . . . 1 . . . Melee . | . . . . . . . . . . . . . . . Ram 7 | . . . . . 1 . . 1 3 2 . . . . Kick . | . . . . . . . . . . . . . . . Crush . | . . . . . . . . . . . . . . . Escape Stasis 6 | . . . . . 3 . . 3 . . . . . . Rewire . | . . . . . . . . . . . . . . . Trap . | . . . . . . . . . . . . . . . Miscellaneous . | . . . . . . . . . . . . . . . Route ------- -11/Scrapyard -10/Materials (discovered 3 exits: *Mat x3) -9/Materials -9/Mines -8/Materials -8/Garrison -8/Materials -7/Factory -7/Garrison -7/Storage -7/Recycling -5/Factory -5/Garrison -5/Factory -5/Upper Caves History --------- Turn | Location | Event 1 | -11/Scrapyard | Released all parts (6) 1 | -11/Scrapyard | Discovered new exit (range 0) 1 | -11/Scrapyard | Entered Materials 25 | -10/Materials | Identified exit to Materials 30 | -10/Materials | Entered another Materials area 30 | -9/Materials | Evolved 2 slots: Propulsion x2 57 | -9/Materials | Discovered new exit (range 6) 60 | -9/Materials | Entered Mines 69 | -9/Mines | Assembled infested the area 81 | -9/Mines | Discovered new exit (range 12) 84 | -9/Mines | Core integrity fell below 50% 87 | -9/Mines | Entered Materials 87 | -8/Materials | Evolved 2 slots: Propulsion x1, Utility x1 92 | -8/Materials | Identified exit to Garrison 92 | -8/Materials | Entered Garrison 95 | -8/Garrison | Installed Relay Interface Framework 122 | -8/Garrison | Triggered checkpoint 122 | -8/Garrison | Triggered checkpoint 139 | -8/Garrison | Discovered new exit (range 15) 147 | -8/Garrison | Entered Materials 167 | -8/Materials | Core integrity fell below 50% 181 | -8/Materials | Discovered new exit (range 15) 188 | -8/Materials | Entered Factory 188 | -7/Factory | Evolved 2 slots: Propulsion x1, Utility x1 201 | -7/Factory | Identified exit to Garrison 201 | -7/Factory | Entered Garrison 224 | -7/Garrison | Triggered checkpoint 238 | -7/Garrison | Triggered checkpoint 241 | -7/Garrison | Triggered checkpoint 242 | -7/Garrison | Discovered new exit (range 15) 244 | -7/Garrison | Triggered checkpoint 248 | -7/Garrison | Core integrity fell below 50% 249 | -7/Garrison | Entered Storage 268 | -7/Storage | Identified exit to Recycling 304 | -7/Storage | Build established: Mutant 314 | -7/Storage | Core integrity fell below 20% 324 | -7/Storage | Used back door to open Recycling access 326 | -7/Storage | Entered Recycling 360 | -7/Recycling | Spotter reported a threat 386 | -7/Recycling | Spotter reported a threat 398 | -7/Recycling | Discovered new exit (range 16) 405 | -7/Recycling | Entered Factory 405 | -5/Factory | Evolved 4 slots: Power x1, Propulsion x2, Utility x1 419 | -5/Factory | Found Prototype Launcher 441 | -5/Factory | Identified Tesla Bomb Launcher 455 | -5/Factory | Identified exit to Garrison 455 | -5/Factory | Entered Garrison 497 | -5/Garrison | Discovered new exit (range 13) 503 | -5/Garrison | Entered Factory 605 | -5/Factory | Discovered new exit (range 15) 615 | -5/Factory | Entered Upper Caves 615 | -5/Upper Caves | Self-destructed Last Messages --------------- 00497_ EXIT=FOUND 00497_ Triggered Alarm Trap. 00497_ An alarm sounds. 00497_ G-50 Soldier springs to life. 00499_ Penetrated by Slug. 00501_ Slug penetrates Wall. 00503_ Attempting to access garrison exit controls... RIF authorized. LOCATION=UNKNOWN GOAL=ESCAPE 00541_ K-01 Serf collects debris. 00543_ Connecting with DSF Access... 00543_ Current location identified: Factory 00573_ K-01 Serf cleans the DSF Access. 00582_ Penetrated by Slug. 00584_ Slug penetrates Wall. 00594_ Connecting with Terminal... 00605_ EXIT=FOUND LOCATION=UNKNOWN GOAL=ESCAPE Map ----- +----------------------------------------------------+ | ?????????????????????????????????????????????????? | | ?????????????????????????????????????????????????? | | ?????????????????????????????????????????????????? | | ?????????????????????????????????????????????????? | | ?????????????????????????????????????????????????? | | ?????????????????????????????????????????????????? | | ?????????????????????????????????????????????????? | | ?????????????????????????????????????????????????? | | ?????????????????????????????????????????????????? | | ?????????????????????????????????????????????????? | | ?????????????????????????????????????????????????? | | ?????????????????????????????????????????????????? | | ?????????????????????????????????????????????????? | | ?????????????????????????????????????????????????? | | ?????????????????????????????????????????????????? | | ?????????????????????????????????????????????????? | | ?????????????????????????????????????????????????? | | ?????????????????????????????????????????????????? | | ?????????????????????????????????????????????????? | | ?????????????????????????????????????????????????? | | ?????????????????????????????????????????????????? | | ??????????????????????????###????????????????????? | | ??????????????????????????s ###??????????????????? | | ???????????????????????###ss #??????????????????? | | ??????????????????# ## s ##?????????????????? | | ??????????????????# @ #?????????????????? | | ??????????? #?????????????? | | ?????????? # #?????????????? | | ??????????? ####??#### #### ###?????????????? | | ????????????????????????## #????????????????????? | | ?????????????????????????? #????????????????????? | | ??????????????????????????###????????????????????? | | ?????????????????????????????????????????????????? | | ?????????????????????????????????????????????????? | | ?????????????????????????????????????????????????? | | ?????????????????????????????????????????????????? | | ?????????????????????????????????????????????????? | | ?????????????????????????????????????????????????? | | ?????????????????????????????????????????????????? | | ?????????????????????????????????????????????????? | | ?????????????????????????????????????????????????? | | ?????????????????????????????????????????????????? | | ?????????????????????????????????????????????????? | | ?????????????????????????????????????????????????? | | ?????????????????????????????????????????????????? | | ?????????????????????????????????????????????????? | | ?????????????????????????????????????????????????? | | ?????????????????????????????????????????????????? | | ?????????????????????????????????????????????????? | | ?????????????????????????????????????????????????? | +----------------------------------------------------+ Best States ------------- Heat Dissipation 40 Energy Generation 5 Energy Capacity 100 Matter Stores 300 Matter Capacity 300 Sight Range 16 Terrain Scan Density 10 Evasion (%) 50 Recoil Reduction 1 Item Schematics ----------------- None Robot Schematics ------------------ None Fabricated ------------ Nothing Alien Tech Used ----------------- None Achievements -------------- None Challenges ------------ None Game ------ Seed FireVariableUnit Manual? 0 Play Time 00:12:47 Cumulative 346.7 hours Start 2022.05.04 @ 20:28:23 End 2022.05.04 @ 20:41:06 Sessions 1 Manual Loads 0 Difficulty Rogue Special Mode None Game No. 148 Rogue 148 Adventurer 0 Explorer 0 Win Type - Total 7 Types 3/1/0/1/2/0/0/0/0 Lore% 66 Gallery% 79 Achievement% 69 Wizard Run 0 Options --------- ASCII 0 Keyboard 0 Movement Mouse Keybinds 0 Fullscreen 0 Font 28/SmallcapsGlow Map View 72x54 Tactical HUD 1 Map Filters NONE Filters NONE Steam 1 RUN: 24c734fd-ee8f-45bc-9954-0e1968323c08